AoeStats
← 帝国的铁汉

Oasis

507309862Analyzed
2v2 RM · 14d ago on Sep 17, 2026· 16m 18s· 4 players
Game mode
Random Map
Map size
Medium (4 player)
Population
200
Speed
Normal
Resources
Standard
Victory
Conquest
Starting age
Dark Age
Ending age
Imperial Age
RankedLock teamsTeams togetherTeam positionsShared explorationLock speedFull tech treeHidden civsTurbo modeCheats
Victory
Defeat
🇨🇳 Franks · China
1393
+16
🇨🇳 Vietnamese · China
1342
+18
🇬🇧 Mongols · United Kingdom
1419
-19
🇸🇪 Bulgarians · Sweden
1344
-15
帝国的铁汉
11:11 Loom
13:36 Feudal Age
18:37 Castle Age
欧阳没有偏旁
5:21 Loom
9:48 Feudal Age
10:40 Double-Bit Axe
Cicdolfin
3:19 Loom
9:50 Feudal Age
10:03 Man-at-Arms
13:11 Arson
13:21 Double-Bit Axe
amaoko21
8:42 Loom
10:39 Feudal Age
12:16 Horse Collar
12:23 Double-Bit Axe
18:12 Castle Age
Connection lost

Rejoining the realm…

Still unreachable

The connection could not be restored.

Session expired

The server has moved on; the page needs a fresh start.